 Dungeon Crawl Stone Soup version 0.30-a0-46-g5a63ccc183 (webtiles) character file.

Game seed: 15011757205440885267

697 Newt the Shooter (level 7, -3/54 HPs)
             Began as a Demonspawn Gladiator on Sept 1, 2022.
             Was an Initiate of Okawaru.
             Killed by nerve-wracking pain
             ... invoked by Menkaure
              (10 damage)
             ... on level 5 of the Dungeon.
             The game lasted 00:09:25 (6252 turns).

Newt the Shooter (Demonspawn Gladiator)             Turns: 6252, Time: 00:09:26

Health: -3/54      AC:  6    Str: 17    XL:     7   Next: 37%
Magic:  7/7        EV: 13    Int:  9    God:    Okawaru [......]
Gold:   197        SH:  0    Dex: 14    Spells: 6/6 levels left

rFire   . . .      SeeInvis .    b - +0 sling
rCold   + . .      Faith    .    (no shield)
rNeg    . . .      Spirit   .    m - +0 leather armour
rPois   +          Reflect  .    (helmet restricted)
rElec   .          Harm     .    q - +2 cloak {rPois}
rCorr   .          Rampage  .    (no gloves)
Will    +....                    (boots unavailable)
Stlth   ++........               (no amulet)
HPRegen 0.18/turn                i - ring of protection from cold
MPRegen 0.10/turn                h - ring of willpower

@: mighty, hasted, very quick
A: antennae 1, hooves 3, foul stench 2
a: Renounce Religion


You were on level 5 of the Dungeon.
You worshipped Okawaru.
Okawaru was noncommittal.
You visited 1 branch of the dungeon, and saw 5 of its levels.
You also visited: Sewer.

You collected 197 gold pieces.

Inventory:

Hand Weapons
 a - a +0 rapier
 b - a +0 sling (weapon)
Missiles
 n - 5 poisoned darts
Armour
 c - a +0 helmet
 m - a +0 leather armour (worn)
 q - a +2 cloak of poison resistance (worn)
Jewellery
 h - a ring of willpower (right hand)
 i - a ring of protection from cold (left hand)
 o - an amulet of regeneration
 u - a ring of protection from fire
Scrolls
 g - a scroll of noise
 s - a scroll of fear
 t - a scroll of enchant armour
 x - a scroll of amnesia {unknown}
Potions
 f - 3 potions of invisibility {unknown}
 k - a potion of degeneration {unknown}
 l - 4 potions of haste
 p - 2 potions of resistance {unknown}
 v - a potion of brilliance {unknown}
 w - a potion of magic {unknown}


   Skills:
 - Level 4.0 Fighting
 - Level 2.6 Short Blades
 + Level 4.8 Ranged Weapons
 - Level 3.0 Throwing
 - Level 4.0 Dodging
 - Level 2.0 Stealth


You had 6 spell levels left.
You didn't know any spells.
Your spell library contained the following spells:

 Spells                   Type           Power      Damage    Failure   Level
 Gell's Gravitas          Tloc           0%         N/A       83%         3
 Portal Projectile        Hex/Tloc       0%         N/A       83%         3
 Teleport Other           Tloc           0%         N/A       83%         3
 Blade Hands              Tmut           0%         N/A       100%        5
 Dispersal                Tloc           0%         N/A       100%        6
 Tukima's Dance           Hex            Unusable   N/A       N/A         3

Dungeon Overview and Level Annotations

Branches:
Dungeon (5/15)              Sewer (visited)
 Temple: D:4-7

Altars:
Okawaru

Annotations:
D:5 Menkaure


Innate Abilities, Weirdness & Mutations

You have a pair of small antennae on your head.
You have hooves in place of feet.
You sometimes emit foul miasma when damaged in melee.


Message History

You feel better. Menkaure breathes soot at you. Menkaure barely misses you.
Fire: b) +0 sling
Press: ? - help, Q - select action, (/) - cycle Shift-Dir - straight line, f/p - Menkaure
Aim: Menkaure (severely damaged, fast, 75% to hit)
You shoot a sling bullet.
The sling bullet barely misses Menkaure.
Menkaure hits you!
* * * LOW HITPOINT WARNING * * *
You feel better.
Throw: javelin
Press: ? - help, Shift-Dir - straight line, f/p - Menkaure
Aim: Menkaure (severely damaged, fast, 76% to hit)
You throw a javelin. The javelin barely misses Menkaure.
Menkaure closely misses you.
Unknown command.
Fire: b) +0 sling
Press: ? - help, Q - select action, (/) - cycle Shift-Dir - straight line, f/p - Menkaure
Aim: Menkaure (severely damaged, fast, 75% to hit)
You shoot a sling bullet. The sling bullet hits Menkaure.
Menkaure is almost destroyed.
Menkaure calls on the powers of darkness!
Your body is wracked with pain!
* * * LOW HITPOINT WARNING * * *
Fire: b) +0 sling
Press: ? - help, Q - select action, (/) - cycle Shift-Dir - straight line, f/p - Menkaure
Aim: Menkaure (almost destroyed, fast, 75% to hit)
You shoot a sling bullet. The sling bullet hits Menkaure.
Menkaure is almost destroyed.
Menkaure misses you.
Fire: b) +0 sling
Press: ? - help, Q - select action, (/) - cycle Shift-Dir - straight line, f/p - Menkaure
Aim: Menkaure (almost destroyed, fast, 75% to hit)
You shoot a sling bullet.
The sling bullet hits Menkaure but does no damage.
Menkaure is almost destroyed.
Menkaure points at you and mumbles some strange words.
Pain shoots through your body!
You die...

.#.#. .... #
...# # .. ...#.
##.#####....
..........##.#.
........†<.....
.......@M#
.!...........#
.........#####
.....#.#.#
####... .# #...
.# .## ## ##


You could see Menkaure (fast).

Vanquished Creatures
  Sigmund (D:2)
  Pargi (Sewer)
  An ogre (D:4)
  Crazy Yiuf (D:2)
  A jelly (D:4)
  An orc priest (D:4)
  Jessica (D:2)
  An iguana (D:4)
  An orc wizard (D:4)
  Robin (D:2)
  A river rat (D:4)
  5 adders
  3 worms
  6 dart slugs
  5 orcs (D:4)
  7 ball pythons
  10 bats
  8 endoplasms
  5 giant cockroaches
  16 goblins
  11 hobgoblins
  3 jackals
  10 kobolds
  6 quokkas
  8 frilled lizards
  10 rats
124 creatures vanquished.

Notes
Turn   | Place    | Note
-------+----------+-------------------------------------------
     0 | D:1      | Newt the Demonspawn Gladiator began the quest for the Orb.
     0 | D:1      | Reached XP level 1. HP: 16/16 MP: 1/1
    57 | D:1      | Reached skill level 1 in Stealth
   158 | D:1      | Discovered your monstrous ancestry.
   158 | D:1      | Gained mutation: You have large cloven feet. [demonic
                  | ancestry]
   158 | D:1      | Reached XP level 2. HP: 20/22 MP: 2/2
   605 | D:1      | Gained mutation: You have a pair of small antennae on your
                  | head. [demonic ancestry]
   605 | D:1      | Reached XP level 3. HP: 17/28 MP: 3/3
  1068 | D:1      | Found a faded altar of an unknown god.
  1269 | D:2      | Identified the +2 helmet of the Evening Star {rPois SInv}
  1269 | D:2      | Noticed Robin
  1348 | D:2      | Killed Robin
  1349 | D:2      | Gained mutation: You may rarely emit foul miasma when
                  | damaged in melee. [demonic ancestry]
  1349 | D:2      | Reached XP level 4. HP: 18/37 MP: 4/4
  2089 | D:2      | Reached skill level 1 in Ranged Weapons
  2915 | D:2      | Noticed Jessica
  2916 | D:2      | Noticed Sigmund
  2951 | D:2      | Killed Sigmund
  2952 | D:2      | Gained mutation: You have hoof-like feet. [demonic
                  | ancestry]
  2952 | D:2      | Reached XP level 5. HP: 23/42 MP: 5/5
  2952 | D:2      | Gained mutation: You have hooves in place of feet. [demonic
                  | ancestry]
  2952 | D:2      | Reached XP level 6. HP: 26/48 MP: 6/6
  2961 | D:2      | Killed Jessica
  3143 | D:2      | Found a runed translucent door.
  3144 | D:2      | Noticed Crazy Yiuf
  3200 | D:2      | Found an iron altar of Okawaru.
  3382 | D:2      | Became a worshipper of Warmaster Okawaru
  3674 | D:2      | Killed Crazy Yiuf
  4913 | D:4      | Gained mutation: You sometimes emit foul miasma when
                  | damaged in melee. [demonic ancestry]
  4913 | D:4      | Reached XP level 7. HP: 18/54 MP: 7/7
  5266 | D:4      | Found a glowing drain.
  5275 | Sewer    | Entered a sewer
  5469 | Sewer    | Noticed Pargi
  5497 | Sewer    | Killed Pargi
  6218 | D:5      | Entered Level 5 of the Dungeon
  6218 | D:5      | Noticed Menkaure
  6252 | D:5      | Killed from afar by Menkaure

Illustrated notes

Levels and vault maps discovered:
D:1:      eino_arrival_water_cross, layout_rooms,
          shapermc_ecumenical_altar_hornbeckon, chequers_serial_rivers_small_a
D:2:      minmay_alternating_diamond, layout_basic, basic_altar,
          minmay_fractal_squares_gapless_5, uniq_crazy_yiuf_cottage, uniq_robin,
          uniq_jessica, uniq_sigmund
D:3:      layout_loops_ring, dk_noncrumbling_4, nicolae_elevator_lobby_asterisk
D:4:      layout_basic, gup_sewer_entry_bubbles
D:5:      layout_basic, mainiacjoe_overflow_tiny_flanked,
          minmay_temple_entry_metal_lava, serial_shops, kennysheep_mini_moat,
          kennysheep_crisscross, grunt_decor_arrowhead, uniq_menkaure

Skill      XL: |  1  2  3  4  5  6  7 |
---------------+----------------------+-----
Stealth        | 1 2 |  2.0
Fighting       | 3 4 |  4.0
Ranged Weapons | 3 4 |  4.8
Dodging        | 4 |  4.0
Throwing       | 2 3 |  3.0
Short Blades   | |  2.6

Action                   |  1- 3 |  4- 6 |  7- 9 || total
-------------------------+-------+-------+-------++-------
Melee: Rapier            |    83 |    47 |       ||   130
       Kick              |    17 |     9 |       ||    26
 Fire: Sling             |    56 |   176 |   155 ||   387
Throw: Dart              |       |     5 |       ||     5
       Throwing net      |       |     4 |     2 ||     6
       Javelin           |       |     1 |     1 ||     2
  Use: Scroll            |     4 |     6 |     2 ||    12
       Potion            |       |     3 |     5 ||     8
 Stab: Sleeping          |     2 |       |       ||     2
Armor: Leather armour    |    37 |    63 |    41 ||   141
Dodge: Dodged            |    85 |   118 |    72 ||   275

Table legend: (Time is in decaauts)
 A = Elapsed time spent in this place.
 B = Non-inter-level travel time spent in this place.
 C = Inter-level travel time spent in this place.
 D = Time resting spent in this place.
 E = Time spent auto-exploring this place.
 F = Levels seen in this place.
 G = Mean time per level.
                   A        B        C        D        E       F      G
               +--------+--------+--------+--------+--------+-----+--------+
         Total |   6416 |   6227 |    189 |   1294 |   3785 |   6 | 1069.3 |
       Dungeon |   5996 |   5807 |    189 |   1174 |   3550 |   5 | 1199.2 |
         Sewer |    419 |    419 |      0 |    120 |    235 |   1 |  419.0 |
               +--------+--------+--------+--------+--------+-----+--------+

Top non-repeatable levels by time:
     D:2: 2813 daAuts
     D:4: 1203 daAuts
     D:1: 1181 daAuts
     D:3: 771 daAuts
   Sewer: 419 daAuts
     D:5: 26 daAuts
